 Dungeon Crawl Stone Soup version 0.20-a0-1050-g57248f3 (webtiles) character file.

16 M4edhros the Slasher (level 2, -3/21 HPs)
             Began as an Octopode Fighter on Apr 25, 2017.
             Slain by a goblin
             ... wielding a +0 dagger
             ... led by Robin
              (6 damage)
             ... on level 2 of the Dungeon.
             The game lasted 00:00:29 (437 turns).

M4edhros the Slasher (Octopode Fighter)              Turns: 437, Time: 00:00:30

Health: -3/21      AC:  1    Str: 15    XL:     2   Next: 58%
Magic:  2/2        EV: 11    Int: 15    God:
Gold:   24         SH:  8    Dex: 11    Spells: 1/1 levels left

rFire    . . .     SeeInvis .   a - +0 long sword
rCold    . . .     Gourm    .   b - +0 shield
rNeg     . . .     Faith    .   (helmet restricted)
rPois    .         Spirit   .   (no amulet)
rElec    .         Reflect  .   (no ring)
rCorr    .         Harm     .   (no ring)
MR       .....                  (no ring)
Stlth    ++........             (no ring)
Regen    0.1/turn               (no ring)
MPRegen  0.1/turn               (no ring)
                                (no ring)
                                (no ring)

@: brilliant
A: almost no armour, stealthy swim, amphibious, 8 rings, constrict 8, camouflage
1, gelatinous body 1
a: no special abilities


You were on level 2 of the Dungeon.
You were not hungry.

You visited 1 branch of the dungeon, and saw 2 of its levels.

You collected 24 gold pieces.

Inventory:

Hand Weapons
 a - a +0 long sword (weapon)
Armour
 b - a +0 shield (worn)
Scrolls
 e - a scroll of amnesia {unknown}
 g - a scroll of remove curse {unknown}
 h - a scroll of teleportation {unknown}
 i - a scroll of blinking {unknown}
 k - a scroll of magic mapping {unknown}
 l - a scroll of identify {unknown}
Potions
 c - a potion of might
 m - a potion of ambrosia {unknown}
Comestibles
 d - a bread ration
 j - a meat ration


   Skills:
 - Level 3.0 Fighting
 + Level 3.1 Long Blades
 - Level 3.0 Dodging
 - Level 3.0 Shields


You had one spell level left.
You didn't know any spells.

Dungeon Overview and Level Annotations

Branches:
Dungeon (2/15)

Altars:

Annotations:
D:2 Robin


Innate Abilities, Weirdness & Mutations

You cannot wear most types of armour.
You are very stealthy in the water. (Stealth+)
You are amphibious.
You can wear up to eight rings at the same time.
You can use your tentacles to constrict eight enemies at once.
Your skin changes colour to match your surroundings (Stealth+).
Your rubbery body absorbs attacks. (AC +1, EV +1)


Message History

The goblin is severely wounded.
The goblin hits you but does no damage. Robin throws the goblin at you!
You block the goblin's attack. The goblin hits you.
The goblin hits you with a club. The goblin closely misses you.
You block the goblin's attack. The goblin hits you with a dagger.
* * * LOW HITPOINT WARNING * * *
The goblin completely misses you.
Unknown command.
You are too injured to fight recklessly!
Unknown command.
Okay, then.
You aren't carrying any items that you can evoke.
Okay, then.
It was a potion of brilliance.
You feel clever all of a sudden. The goblin hits you but does no damage.
The goblin barely misses you.
You riposte.
You hit the goblin.
You kill the goblin!
The goblin hits you with a dagger.
You die...

..##. ## .... ... ... ..# #
.. #.##.# #. .....# #
#.###.##.#.##
##.g##g)g.........
...gggg@g.........
..gg######.##.#.# ... ###.#
...####.#.# #. .#
#......[#.##.#.. ##..##.#
#...............# . .......
......#.#.#..##### .. ..#..#
#..##.#.#..........
.......###..##.#.###........


You could see Robin, a hobgoblin and 8 goblins.

Vanquished Creatures
  An ooze (D:1)
  5 bats
  3 goblins
  A hobgoblin (D:1)
  A frilled lizard (D:1)
  2 rats (D:1)
13 creatures vanquished.

Notes
Turn   | Place    | Note
-------+----------+-------------------------------------------
     0 | D:1      | M4edhros the Octopode Fighter began the quest for the Orb.
     0 | D:1      | Reached XP level 1. HP: 16/16 MP: 1/1
    95 | D:1      | Reached XP level 2. HP: 20/21 MP: 2/2
   430 | D:2      | Noticed Robin
   437 | D:2      | Slain by a goblin

Vault maps used:
D:1:      minmay_arrival_cross, supply_closet_lemuel,
          minmay_misc_feat_more_columns
D:2:      first_bread, uniq_terence, uniq_robin

Skill      XL: |  1  2 |
---------------+-------+-----
Long Blades    | 3 |  3.1
Fighting       | |  3.0
Dodging        | |  3.0
Shields        | |  3.0

Action                   || total
-------------------------++-------
Melee: Long sword        ||    23
       Tentacles         ||     5
       Constrict         ||     6
  Use: Potion            ||     1
 Stab: Sleeping          ||     3
Armor: Skin              ||     2
Dodge: Dodged            ||     9
Block: Shield            ||    14
       Rpst.: Long sword ||     3
